 Dungeon Sprint DCSS version 0.28-a0-1234-g826d19b2e0 (webtiles) character file.

Game seed: 10265490607321582144

18 rocky1 the Skirmisher (level 2, -1/35 HPs)
             Began as an Ogre Fighter on Dec 24, 2021.
             Was an Initiate of Okawaru.
             Slain by an ufetubus (3 damage)
             ... in the Dungeon (Sprint VII: "The Pits").
             The game lasted 00:00:48 (415 turns).

rocky1 the Skirmisher (Ogre Fighter)                 Turns: 415, Time: 00:00:48

Health: -1/35      AC:  3    Str: 19    XL:     2   Next: 70%
Magic:  2/2        EV:  8    Int:  9    God:    Okawaru [......]
Gold:   0          SH:  7    Dex:  8    Spells: 1/1 levels left

rFire   . . .      SeeInvis .   a - +0 war axe
rCold   . . .      Faith    .   c - +0 kite shield
rNeg    . . .      Spirit   .   b - +0 robe
rPois   .          Reflect  .   (helmet restricted)
rElec   .          Harm     .   (no cloak)
rCorr   .          Rampage  .   (gloves unavailable)
Will    .....      NoTele   +   (boots unavailable)
Stlth   +.........              (no amulet)
HPRegen 0.11/turn               (no ring)
MPRegen 0.08/turn               (no ring)

@: no status effects
A: large, unfitting armour, tough skin 1
a: Renounce Religion


You were in the Dungeon.
You worshipped Okawaru.
Okawaru was noncommittal.
You visited 1 branch

Inventory:

Hand Weapons
 a - a +0 war axe (weapon)
Armour
 b - a +0 robe (worn)
 c - a +0 kite shield (worn)
Scrolls
 j - a scroll of blinking
 l - 5 scrolls of amnesia
 m - a scroll of summoning
Potions
 d - a potion of might
 e - a potion of curing
 g - a potion of haste
 h - 4 potions of magic
 i - 3 potions of berserk rage
 k - 2 potions of invisibility


   Skills:
 + Level 5.0 Fighting
 + Level 3.0 Axes
 + Level 1.5 Armour
 + Level 3.4 Dodging
 + Level 3.4 Shields


You had one spell level left.
You didn't know any spells.
Your spell library was empty.

Dungeon Overview and Level Annotations

Branches:
Dungeon (1/1)

Altars:
Ashenzari
Cheibriados
Dithmenos
Elyvilon
Fedhas
Gozag
Hepliaklqana
Kikubaaqudgha
Makhleb
Nemelex Xobeh
Okawaru
Qazlal
Ru
Sif Muna
Trog
Uskayaw
Vehumet
Wu Jian
Xom
Yredelemnul
Zin
The Shining One
Beogh
Jiyva
Lugonu


Innate Abilities, Weirdness & Mutations

You are too large for most types of armour.
You have tough skin. (AC +1)


Message History

The ufetubus is severely wounded.
The ufetubus hits you.
The ufetubus hits you but does no damage.
The ufetubus barely misses you. x2
You closely miss the ufetubus.
The ufetubus is severely wounded.
The ufetubus closely misses you. You block the ufetubus's attack.
The ufetubus hits you.
The ufetubus hits you but does no damage.
You closely miss the ufetubus.
The ufetubus is severely wounded.
The ufetubus hits you.
* * * LOW HITPOINT WARNING * * *
The ufetubus hits you.
* * * LOW HITPOINT WARNING * * *
The ufetubus closely misses you. You block the ufetubus's attack.
You barely miss the ufetubus.
The ufetubus is severely wounded.
The ufetubus hits you but does no damage. x2
The ufetubus closely misses you. The ufetubus hits you.
* * * LOW HITPOINT WARNING * * *
The ufetubus hits you but does no damage.
The ufetubus barely misses you.
You closely miss the ufetubus.
The ufetubus is severely wounded.
The ufetubus hits you.
* * * LOW HITPOINT WARNING * * *
The ufetubus hits you.
* * * LOW HITPOINT WARNING * * *
The ufetubus hits you but does no damage. x2
You closely miss the ufetubus.
The ufetubus is severely wounded.
The ufetubus hits you but does no damage.
The ufetubus barely misses you. x2; You block the ufetubus's attack.
You completely miss the ufetubus.
The ufetubus is severely wounded.
The ufetubus hits you.
* * * LOW HITPOINT WARNING * * *
The ufetubus hits you.
You die...

#_________.#
#_______...###########+
##########'##..........
#.?(.')))'.##......#..#
##########.##..........
#...........'..........
#+#####'#####......#..#
#..#..#..##..........
#..5@.)..#####'#####+
##+####+###.......#
#.......# #.......#
#...<...# #.......#
#.......# #.......#
#########


You could see an ufetubus.

Vanquished Creatures
  A gnoll (D)
  An ufetubus (D)
  2 hobgoblins (D)
  A kobold (D)
5 creatures vanquished.

Notes
Turn   | Place    | Note
-------+----------+-------------------------------------------
     0 | D        | rocky1 the Ogre Fighter began the quest for the Orb.
     0 | D        | Reached XP level 1. HP: 24/24 MP: 1/1
    71 | D        | Found a bloodstained altar of Trog.
    71 | D        | Found a shimmering blue altar of Sif Muna.
    71 | D        | Found a viscous altar of Jiyva.
    71 | D        | Found a hazy altar of Hepliaklqana.
    71 | D        | Found an opulent altar of Gozag.
    72 | D        | Found a glowing golden altar of the Shining One.
    72 | D        | Found a glowing silver altar of Zin.
    72 | D        | Found a basalt altar of Yredelemnul.
    72 | D        | Found a shimmering altar of Xom.
    72 | D        | Found an ornate altar of the Wu Jian Council.
    72 | D        | Found a sacrificial altar of Ru.
    72 | D        | Found a stormy altar of Qazlal.
    72 | D        | Found an iron altar of Okawaru.
    72 | D        | Found a sparkling altar of Nemelex Xobeh.
    72 | D        | Found a burning altar of Makhleb.
    72 | D        | Found a blossoming altar of Fedhas.
    72 | D        | Found a white marble altar of Elyvilon.
    72 | D        | Found a shadowy altar of Dithmenos.
    72 | D        | Found a snail-covered altar of Cheibriados.
    74 | D        | Found a radiant altar of Vehumet.
    74 | D        | Found a corrupted altar of Lugonu.
    75 | D        | Found a hide-covered altar of Uskayaw.
    75 | D        | Found an ancient bone altar of Kikubaaqudgha.
    75 | D        | Found a broken altar of Ashenzari.
    80 | D        | Became a worshipper of Warmaster Okawaru
   101 | D        | HP: 1/24 [ufetubus (3)]
   108 | D        | Reached skill level 1 in Armour
   108 | D        | Reached XP level 2. HP: 18/33 MP: 2/2
   351 | D        | Reached skill level 5 in Fighting
   415 | D        | Slain by an ufetubus

Illustrated notes

Levels and vault maps discovered:
D:        pitsprint [storerooms_1, entrance_room_1, metal_vault_7, armoury_1,
          mini_pit_1, grid_room_1, main_hall_1, silver_pit, the_coven_1,
          the_vestibule_1, steel_vault_1, golden_pit, hallway_of_sentries,
          crystal_vault_1, iron_vault_1, final_vault]

Skill      XL: |  1  2 |
---------------+-------+-----
Armour         | 1 |  1.5
Dodging        | 3 |  3.4
Shields        | 3 |  3.4
Fighting       | 5 |  5.0
Axes           | 3 |  3.0

Action                   || total
-------------------------++-------
Melee: War axe           ||    35
  Use: Potion            ||     1
Armor: Robe              ||    20
Dodge: Dodged            ||    42
Block: Kite shield       ||    32

Table legend: (Time is in decaauts)
 A = Elapsed time spent in this place.
 B = Non-inter-level travel time spent in this place.
 C = Inter-level travel time spent in this place.
 D = Time resting spent in this place.
 E = Time spent auto-exploring this place.
 F = Levels seen in this place.
 G = Mean time per level.
                   A        B        C        D        E       F      G
               +--------+--------+--------+--------+--------+-----+--------+
         Total |    434 |    434 |      0 |    309 |      0 |   1 |  434.0 |
       Dungeon |    434 |    434 |      0 |    309 |      0 |   1 |  434.0 |
               +--------+--------+--------+--------+--------+-----+--------+

Top non-repeatable levels by time:
       D: 434 daAuts
